 Dungeon Crawl Stone Soup version 0.32-a0-643-ga006e7742e (webtiles) character file.

Game seed: 14056423220836050639

3908 BubbleThief the Fighter (level 10, -4/83 HPs)
             Began as a Demonspawn Reaver on Mar 7, 2024.
             Was a Follower of Kikubaaqudgha.
             Slain by a cyclops (9 damage)
             ... on level 8 of the Dungeon.
             The game lasted 00:13:37 (7431 turns).

BubbleThief the Fighter (Demonspawn Reaver)         Turns: 7431, Time: 00:13:38

Health: -4/83      AC: 13    Str: 17    XL:     10   Next: 1%
Magic:  0/13       EV: 12    Int: 13    God:    Kikubaaqudgha [*.....]
Gold:   382        SH:  4    Dex: 18    Spells: 3/13 levels left

rFire   . . .        d - +0 trident
rCold   . . .        (no shield)
rNeg    . . .        y - +2 robe {Will+}
rPois   +            u - +1 helmet
rElec   .            j - scarf {+Inv}
rCorr   .            (no gloves)
SInv    .            (no boots)
Will    +....        m - amulet of guardian spirit
Stlth   ++           c - ring of poison resistance
HPRegen 0.33/turn    n - +6 ring of dexterity
MPRegen 0.13/turn

%: guardian spirit
@: no status effects
A: hooves 1, slimy green scales 2, demonic guardian 1, icemail 1, condensation
shield
a: Renounce Religion, Evoke Invisibility, Unearth Wretches


You were on level 8 of the Dungeon.
You worshipped Kikubaaqudgha.
Kikubaaqudgha was aware of your devotion.
You visited 2 branches of the dungeon, and saw 9 of its levels.
You also visited: Ossuary.

You collected 382 gold pieces.

Inventory:

Hand Weapons
 d - a +0 trident (weapon)
Missiles
 h - 10 atropa-tipped darts
Armour
 j - a scarf of invisibility (worn)
 t - a +0 leather armour of poison resistance
 u - a +1 helmet (worn)
 y - a +2 robe of willpower (worn)
Jewellery
 c - a ring of poison resistance (left hand)
 m - an amulet of guardian spirit (around neck)
 n - a +6 ring of dexterity (right hand)
 q - a ring of ice
 I - an amulet of faith
Wands
 w - a wand of polymorph (4)
 A - a wand of light (7)
 F - a wand of flame (15)
Scrolls
 b - a scroll of vulnerability
 g - 5 scrolls of identify
 l - a scroll of fog
 s - 3 scrolls of teleportation
 x - a scroll of fear
 B - a scroll of acquirement {unknown}
 D - a scroll of butterflies {unknown}
 E - a scroll of enchant weapon {unknown}
 G - 2 scrolls of immolation {unknown}
Potions
 a - a potion of mutation {unknown}
 e - 2 potions of curing
 f - 2 potions of ambrosia {unknown}
 i - 2 potions of brilliance {unknown}
 k - 2 potions of might {unknown}
 o - 2 potions of degeneration {unknown}
 p - a potion of cancellation {unknown}
 r - 2 potions of magic {unknown}
 v - 2 potions of heal wounds {unknown}
 z - 2 potions of lignification {unknown}
 C - a potion of haste {unknown}
 H - a potion of enlightenment {unknown}
 J - a potion of attraction {unknown}


   Skills:
 + Level 9.4 Fighting
 + Level 8.7 Polearms
 - Level 1.7 Dodging
 - Level 2.0 Spellcasting
 - Level 3.0 Conjurations
 - Level 7.1 Necromancy


You had 3 spell levels left.
You knew the following spells:

 Your Spells              Type           Power      Damage    Failure   Level
a - Kiss of Death         Conj/Necr      56%        2d9       3%          1
b - Momentum Strike       Conj/Tloc      10%        3d8       21%         2
c - Necrotise             Necr           76%        1d7       1%          1
d - Fugue of the Fallen   Necr           19%        N/A       4%          3
e - Vampiric Draining     Necr           19%        2d7       4%          3

Your spell library contained the following spells:

 Spells                   Type           Power      Damage    Failure   Level
 Sting                    Conj/Alch      20%        1d4       14%         1
 Cigotuvi's Dreadful Rot  Necr/Alch/Air  14%        N/A       14%         2
 Apportation              Tloc           2%         N/A       26%         1
 Blink                    Tloc           2%         N/A       36%         2
 Jinxbite                 Hex            2%         N/A       36%         2
 Lesser Beckoning         Tloc           2%         N/A       36%         2
 Mercury Vapours          Alch/Air       2%         N/A       36%         2
 Hailstorm                Conj/Ice       5%         3d5       38%         3
 Mephitic Cloud           Conj/Alch/Air  3%         N/A       45%         3
 Ozocubu's Armour         Ice            1%         N/A       58%         3
 Tukima's Dance           Hex            1%         N/A       58%         3
 Iskenderun's Mystic Bla  Conj/Tloc      5%         2d3       80%         4
 Dimensional Bullseye     Hex/Tloc       0%         N/A       94%         4
 Manifold Assault         Tloc           1%         N/A       94%         4
 Olgreb's Toxic Radiance  Alch           1%         N/A       94%         4
 Freezing Cloud           Conj/Ice/Air   1%         6-21      99%         5
 Alistair's Intoxication  Alch           0%         N/A       100%        5


Dungeon Overview and Level Annotations

Branches:
Dungeon (8/15)             Temple (1/1) D:5         Ossuary (visited)
   Lair: D:8-11

Altars:
Ashenzari
Cheibriados
Dithmenos
Fedhas
Hepliaklqana
Kikubaaqudgha
Makhleb
Nemelex Xobeh
Okawaru
Qazlal
Ru
Sif Muna
Trog
Uskayaw
Wu Jian
Yredelemnul

Shops:
D:2 [=:[   D:8 *


Innate Abilities, Weirdness & Mutations

You have large cloven feet.
You are mostly covered in slimy green scales. (AC +3)
A weak demonic guardian rushes to your aid.
A meltable icy envelope protects you from harm. (AC +4)
A meltable shield of frost defends you. (SH +4)


Message History

Your white imp freezes the cyclops.
Unknown command.
Reach: d) +0 trident
Press: ? - help, Dir - move target, f/p - cyclops
Aim: a cyclops, quivering large rocks (heavily wounded, ally target, about 12% to evade your +0 trident)
You could not reach far enough!
The cyclops hits your white imp!
Your white imp dies!
Your white imp disappears in a puff of smoke!
Unknown command.
Reach: d) +0 trident
Press: ? - help, Dir - move target, f/p - cyclops
Aim: a cyclops, quivering large rocks (heavily wounded, about 12% to evade your +0 trident)
You reach to attack!
You hit the cyclops.
The cyclops is severely wounded.
The cyclops throws a large rock.
The large rock hits you.
* * * LOW HITPOINT WARNING * * *
Reach: d) +0 trident
Press: ? - help, Dir - move target, f/p - cyclops
Aim: a cyclops, quivering large rocks (severely wounded, about 12% to evade your +0 trident)
You reach to attack!
You barely miss the cyclops.
The cyclops is severely wounded.
Unknown command.
Unknown command.
Reach: d) +0 trident
Press: ? - help, Dir - move target, f/p - cyclops
Aim: a cyclops, quivering large rocks (severely wounded, about 12% to evade your +0 trident)
You reach to attack!
You hit the cyclops but do no damage.
The cyclops is severely wounded.
Unknown command.
Casting: Vampiric Draining (mildly dangerous; 4% risk of failure)
Confirm with . or Enter, or press ? or * to list all spells.
You don't have enough magic to cast this spell.
Unknown command.
You puncture the cyclops! You kick the cyclops.
The cyclops is almost dead.
You hit the cyclops. Your kick misses the cyclops.
The cyclops is almost dead.
The cyclops hits you!
You die...
Kikubaaqudgha rasps: You have failed me!
Welcome... death!

#...#.....########.#
#.#.#.......##.# .
#.#.#.#####.##.# ..#
#.#.#.#####.##.# #.#
.#.#....)..#.##.# #.#
#..#.....###.#.##.#
#.###..####..# #.#.##.#
.............# #C#.##.#
.......#..##.# #@#.##.#
#..#...#..##.# #.#.##.#
.......#..##.. #.#.##.#
#......#..######.#.##.#
##....................#
##.#..################
#...).....<.
##..######## #..##


You could see a cyclops.

Vanquished Creatures
  Erica (D:8)
  A wyvern (D:7)
  4 yaks (D:8)
  2 steam dragons
  A water moccasin (D:7)
  An ice beast (D:6)
  A black bear (D:6)
  2 ogres (D:6)
  3 centaurs
  A phantom (D:7)
  A kobold brigand (D:8)
  5 bullfrogs
  3 scorpions
  2 bombardier beetles (D:5)
  2 hounds (D:6)
  A jelly (D:6)
  2 gnoll boudas
  A sleepcap (D:5)
  5 iguanas
  3 orc wizards
  5 scorpion zombies (Ossuary)
  Robin (D:4)
  3 mummies (Ossuary)
  3 adders
  3 gnolls
  2 white imps (D:6)
  3 adder zombies (Ossuary)
  A ribbon worm (D:2)
  2 dart slugs
  20 orcs
  6 endoplasms
  3 giant cockroaches
  12 goblins
  11 hobgoblins
  10 jackals
  5 quokkas
  3 ball pythons
  6 bats
  A frilled lizard (D:1)
  3 gnoll zombies (Ossuary)
  3 jackal zombies (Ossuary)
  6 kobolds
  3 kobold zombies (Ossuary)
  3 rats
160 creatures vanquished.

Vanquished Creatures (collateral kills)
  A water moccasin (D:6)
  A hound (D:5)
  A sleepcap (D:5)
  An orc wizard (D:5)
  A gnoll (D:5)
  A goblin (D:4)
  A hobgoblin (D:4)
  3 kobolds (D:8)
10 creatures vanquished.

Vanquished Creatures (others)
  An orc (D:6)
1 creature vanquished.

Grand Total: 171 creatures vanquished

Notes
Turn   | Place    | Note
-------+----------+-------------------------------------------
     0 | D:1      | BubbleThief the Demonspawn Reaver began the quest for the
                  | Orb.
     0 | D:1      | Reached XP level 1. HP: 16/16 MP: 3/3
   130 | D:1      | Found a faded altar of an unknown god.
   181 | D:1      | Gained mutation: You are partially covered in slimy green
                  | scales. (AC +2) [demonic ancestry]
   181 | D:1      | Reached XP level 2. HP: 20/22 MP: 5/5
   238 | D:1      | Reached skill level 1 in Necromancy
   718 | D:1      | Gained mutation: You are mostly covered in slimy green
                  | scales. (AC +3) [demonic ancestry]
   718 | D:1      | Reached XP level 3. HP: 23/28 MP: 6/6
   965 | D:2      | Found Fiv Xomafa's Jewellery Boutique.
  1030 | D:2      | Found Kumnatz's Armour Emporium.
  1205 | D:2      | Reached skill level 3 in Fighting
  1391 | D:2      | Gained mutation: You have large cloven feet. [demonic
                  | ancestry]
  1391 | D:2      | Reached XP level 4. HP: 35/35 MP: 7/7
  1426 | D:2      | Found Gutid Nae's Armour Shoppe.
  1627 | D:2      | Found Toheow's Book Boutique.
  1824 | D:3      | Found a basalt altar of Yredelemnul.
  2162 | D:3      | Found a shadowy altar of Dithmenos.
  2434 | D:4      | Gained mutation: A weak demonic guardian rushes to your
                  | aid. [demonic ancestry]
  2434 | D:4      | Reached XP level 5. HP: 8/37 MP: 1/8
  2580 | D:4      | Found a sacrificial altar of Ru.
  2600 | D:4      | Noticed Robin
  2642 | D:4      | Killed Robin
  2832 | D:4      | Found a hazy altar of Hepliaklqana.
  3167 | D:4      | Found a burning altar of Makhleb.
  3206 | D:5      | Entered Level 5 of the Dungeon
  3207 | D:5      | Found a stormy altar of Qazlal.
  3279 | D:5      | Reached skill level 4 in Fighting
  3370 | D:5      | Found a staircase to the Ecumenical Temple.
  3393 | D:5      | Gained mutation: A meltable shield of frost defends you.
                  | (SH +4) [demonic ancestry]
  3393 | D:5      | Reached XP level 6. HP: 26/28 MP: 6/9
  3603 | D:5      | Found a sand-covered staircase.
  3607 | Ossuary  | Entered an ossuary
  3653 | Ossuary  | Reached XP level 7. HP: 43/49 MP: 8/10
  3829 | Ossuary  | Reached skill level 5 in Fighting
  3829 | Ossuary  | Reached skill level 5 in Polearms
  3833 | Ossuary  | Reached skill level 5 in Necromancy
  4132 | D:5      | Found a blossoming altar of Fedhas.
  4158 | D:5      | Found a sparkling altar of Nemelex Xobeh.
  4385 | Temple   | Entered the Ecumenical Temple
  4402 | Temple   | Became a worshipper of Kikubaaqudgha
  4501 | D:6      | Learned a level 2 spell: Momentum Strike
  4558 | D:6      | Reached XP level 8. HP: 51/64 MP: 11/11
  4681 | D:6      | Reached skill level 6 in Fighting
  5463 | D:6      | Reached skill level 7 in Fighting
  5497 | D:6      | Reached XP level 9. HP: 19/72 MP: 3/12
  5819 | D:7      | Found an iron altar of Okawaru.
  5953 | D:7      | Reached * piety under Kikubaaqudgha
  5953 | D:7      | Received a gift from Kikubaaqudgha
  5959 | D:7      | Learned a level 1 spell: Necrotise
  5963 | D:7      | Learned a level 3 spell: Fugue of the Fallen
  5967 | D:7      | Learned a level 3 spell: Vampiric Draining
  6790 | D:7      | Found a bloodstained altar of Trog.
  6841 | D:8      | Found Tudezxix's Tempting Trifles.
  6855 | D:8      | Reached skill level 8 in Fighting
  6993 | D:8      | Noticed Erica
  7002 | D:8      | Killed Erica
  7003 | D:8      | Reached skill level 9 in Fighting
  7288 | D:8      | Noticed a cyclops
  7288 | D:8      | Noticed a troll
  7288 | D:8      | Noticed a tengu warrior
  7288 | D:8      | Noticed a manticore
  7288 | D:8      | Noticed a troll
  7359 | D:8      | Gained mutation: A meltable icy envelope protects you from
                  | harm. (AC +4) [demonic ancestry]
  7359 | D:8      | Reached XP level 10. HP: 19/83 MP: 3/13
  7427 | D:8      | HP: 4/83 [cyclops/large rock (5)]
  7431 | D:8      | Slain by a cyclops

Illustrated notes

Levels and vault maps discovered:
D:1:      psy_arrival_terrarium, layout_loops_cross,
          ebering_ecumenical_altar_sacrificial
D:2:      layout_basic, serial_shops, nicolae_shop_tiny_real_fake_doors,
          nicolae_shop_getting_attention, nicolae_shop_trees,
          nicolae_shop_tiny_statue_garden, minivault_24,
          minmay_misc_feat_square, minmay_tromino_v4_c
D:3:      layout_basic, nicolae_dithmenos_shadow_blocks,
          mainiacjoe_overflow_six_doors_small
D:4:      layout_rooms, hangedman_ru_absence, worldfamousw_hep_ancestral_shrine,
          bloody_makhleb, serial_aquarium, aquarium_bridge_long_separate
          [aquarium_subvault_wall, aquarium_subvault_bridge,
          aquarium_subvault_bridge, aquarium_subvault_bridge,
          aquarium_subvault_balcony, aquarium_subvault_bridge],
          aquarium_window_1, aquarium_window_fake, aquarium_window_fake,
          aquarium_window_corridor_1, aquarium_view_2d, aquarium_view_2b,
          uniq_robin
D:5:      layout_cave_pools, nemelex_spade_bored_becter, marbit_many_paths,
          overflow_temple_1_default, minmay_temple_entry_statues_fountains,
          nicolae_ossuary_entry_plus
D:6:      layout_cave_pools, dk_noncrumbling_3, minmay_misc_feat_rugged,
          hangedman_minor_gate_pass
D:7:      layout_cave_pods, lemuel_doored_altar, general_overflow_altar,
          serial_library_hellmonk_h_bend, minmay_tree_intersection,
          small_statue_intersection
D:8:      minmay_the_grid_plus_closed [minmay_the_grid_aliased_spiral,
          minmay_the_grid_garden, minmay_the_grid_dragon_b,
          minmay_the_grid_rooms, minmay_the_grid_prize_big_room], layout_basic,
          grunt_gozag_breadcrumbs, mainiacjoe_overflow_alcove_4,
          minmay_misc_feat_doors, nicolae_alphabet_shops, minmay_between,
          uniq_erica
Temple:   nicolae_temple_bog_church

Skill      XL: |  1  2  3  4  5  6  7  8  9 |
---------------+----------------------------+-----
Necromancy     | 1 2 3 4 5 7 |  7.1
Polearms       | 3 4 5 6 8 |  8.7
Fighting       | 3 4 5 7 9 |  9.4
Dodging        | |  1.7
Spellcasting   | |  2.0
Conjurations   | |  3.0

Action                     |  1- 3 |  4- 6 |  7- 9 | 10-12 || total
---------------------------+-------+-------+-------+-------++-------
  Melee: Spear             |    30 |       |       |       ||    30
         Trident           |   174 |   214 |   342 |    17 ||   747
         Kick              |       |    55 |   133 |     6 ||   194
   Cast: Kiss of Death     |       |     5 |     1 |       ||     6
         Necrotise         |       |       |     7 |     1 ||     8
         Vampiric Draining |       |       |     1 |     1 ||     2
  Evoke: Wand              |       |     2 |     1 |     1 ||     4
    Use: Scroll            |       |     7 |       |       ||     7
         Potion            |       |       |       |     1 ||     1
   Stab: Sleeping          |       |       |     3 |       ||     3
 Armour: Leather armour    |   113 |   100 |       |       ||   213
         Robe              |       |    65 |   242 |    12 ||   319
  Dodge: Dodged            |   129 |   129 |   171 |     4 ||   433
  Block: Other             |       |     7 |    49 |     1 ||    57

Table legend: (Time is in decaauts)
 A = Elapsed time spent in this place.
 B = Non-inter-level travel time spent in this place.
 C = Inter-level travel time spent in this place.
 D = Time resting spent in this place.
 E = Time spent auto-exploring this place.
 F = Levels seen in this place.
 G = Mean time per level.
                   A        B        C        D        E       F      G
               +--------+--------+--------+--------+--------+-----+--------+
         Total |   7468 |   7335 |    133 |    106 |   5541 |  10 |  746.8 |
       Dungeon |   7032 |   6931 |    101 |    106 |   5337 |   8 |  879.0 |
        Temple |     34 |      2 |     32 |      0 |      0 |   1 |   34.0 |
       Ossuary |    401 |    401 |      0 |      0 |    204 |   1 |  401.0 |
               +--------+--------+--------+--------+--------+-----+--------+

Top non-repeatable levels by time:
     D:6: 1337 daAuts
     D:7: 1061 daAuts
     D:2: 905 daAuts
     D:1: 904 daAuts
     D:4: 817 daAuts
     D:5: 801 daAuts
     D:3: 616 daAuts
     D:8: 589 daAuts
 Ossuary: 401 daAuts
  Temple: 34 daAuts
